 Dungeon Crawl Stone Soup version 0.28-a0-384-g9e0c098162 (webtiles) character file.

Game seed: 16212579561621086169

4842 porpoise the Thaumaturge (level 10, -4/56 HPs)
             Began as a Deep Elf Conjurer on Sept 3, 2021.
             Was a Believer of Vehumet.
             Slain by an eight-headed hydra (7 damage)
             ... on level 7 of the Dungeon.
             The game lasted 00:41:56 (9693 turns).

porpoise the Thaumaturge (Deep Elf Conjurer)        Turns: 9693, Time: 00:41:57

Health: -4/56      AC:  7    Str:  4    XL:     10   Next: 25%
Magic:  4/25       EV: 13    Int: 27    God:    Vehumet [**....]
Gold:   470        SH:  0    Dex: 13    Spells: 2/27 levels left

rFire   . . .      SeeInvis .   b - +0 hunting sling (venom)
rCold   . . .      Faith    .   (no shield)
rNeg    . . .      Spirit   .   f - +0 robe
rPois   .          Reflect  .   q - +0 helmet
rElec   .          Harm     .   o - +1 cloak
rCorr   .          Rampage  .   G - +0 pair of gloves
Will    +....                   F - +0 pair of boots
Stlth   ++........              e - amulet of magic regeneration
HPRegen 0.18/turn               (no ring)
MPRegen 0.44/turn               (no ring)

@: no status effects
A: no striking features
a: Renounce Religion


You were on level 7 of the Dungeon.
You worshipped Vehumet.
Vehumet was pleased with you.
You visited 2 branches of the dungeon, and saw 9 of its levels.
You also visited: Sewer.

You collected 470 gold pieces.

Inventory:

Hand Weapons
 a - a +2 dagger of electrocution
 b - a +0 hunting sling of venom (weapon)
 m - a +0 lajatang
 L - a +2 dagger of holy wrath
Missiles
 c - 173 stones
 g - 86 bolts
 k - 69 sling bullets (quivered ammo)
 l - 2 poisoned darts
 w - 4 boomerangs
 I - 4 curare-tipped darts
 J - 5 atropa-tipped darts
Armour
 f - a +0 robe (worn)
 o - a +1 cloak (worn)
 q - a +0 helmet (worn)
 F - a +0 pair of boots (worn)
 G - a +0 pair of gloves (worn)
Magical Staves
 y - a staff of death
Jewellery
 e - an amulet of magic regeneration (around neck)
 z - a ring of fire
 B - an amulet of reflection
Wands
 p - a wand of digging (4)
 A - a wand of polymorph (6)
Scrolls
 h - a scroll of noise
 n - 3 scrolls of enchant armour
 t - a scroll of holy word {unknown}
 u - a scroll of vulnerability {unknown}
 C - a scroll of teleportation
 D - a scroll of identify
 E - a scroll of fear {unknown}
 H - a scroll of magic mapping {unknown}
 K - a scroll of fog {unknown}
Potions
 d - a potion of haste
 i - a potion of heal wounds
 j - a potion of magic
 r - a potion of berserk rage
 s - a potion of might
 v - 3 potions of cancellation
 x - 2 potions of curing


   Skills:
 - Level 3.0 Fighting
 - Level 5.0 Dodging
 - Level 2.4 Stealth
 - Level 9.0 Spellcasting
 - Level 7.0 Conjurations
 + Level 5.6 Hexes
 - Level 5.0 Translocations
 + Level 0.3 Transmutations
 - Level 5.0 Air Magic
 - Level 7.0 Earth Magic
 - Level 5.0 Poison Magic


You had 2 spell levels left.
You knew the following spells:

 Your Spells              Type           Power      Damage    Failure   Level
a - Magic Dart            Conj           100%       1d8       1%          1
b - Searing Ray           Conj           98%        3d7       1%          2
c - Fulminant Prism       Conj/Hex       23%        3d13      3%          4
d - Iskenderun's Mystic   Conj/Tloc      44%        2d10      4%          4
f - Swiftness             Air            39%        N/A       1%          3
m - Mephitic Cloud        Conj/Pois/Air  42%        N/A       1%          3
r - Irradiate             Conj/Tmut      15%        3d18      28%         5
s - Stone Arrow           Conj/Erth      98%        3d13      1%          3

Your spell library contained the following spells:

 Spells                   Type           Power      Damage    Failure   Level
 Poisonous Vapours        Pois/Air       78%        N/A       1%          2
 Passwall                 Tmut/Erth      25%        N/A       1%          2
 Call Imp                 Summ           12%        N/A       7%          2
 Scorch                   Fire           24%        2d6       7%          2
 Sublimation of Blood     Necr           6%         N/A       7%          2
 Dazzling Flash           Conj/Hex       92%        N/A       1%          3
 Portal Projectile        Hex/Tloc       80%        N/A       1%          3
 Hailstorm                Conj/Ice       31%        3d8       11%         4
 Petrify                  Tmut/Erth      31%        N/A       11%         4
 Frozen Ramparts          Ice            24%        1d4       14%         3
 Bolt of Magma            Conj/Fire/Erth 18%        4d10      21%         5
 Fireball                 Conj/Fire      15%        3d8       30%         5
 Ice Form                 Ice/Tmut       13%        N/A       41%         4
 Summon Ice Beast         Ice/Summ       12%        N/A       43%         4
 Invisibility             Hex            21%        N/A       58%         6
 Blade Hands              Tmut           7%         N/A       75%         5
 Excruciating Wounds      Necr           6%         N/A       78%         5
 Simulacrum               Ice/Necr       6%         N/A       100%        6
 Summon Cactus Giant      Summ           6%         N/A       100%        6
 Shatter                  Erth           24%        3d21*     100%        9


Dungeon Overview and Level Annotations

Branches:
Dungeon (8/15)             Temple (1/1) D:5           Sewer (visited)
   Lair: D:8-11

Altars:
Ashenzari
Cheibriados
Dithmenos
Elyvilon
Gozag
Hepliaklqana
Kikubaaqudgha
Makhleb
Nemelex Xobeh
Okawaru
Qazlal
Ru
Sif Muna
Trog
Uskayaw
Vehumet
Xom
Yredelemnul
Zin
The Shining One


Message History

Casting: Iskenderun's Mystic Blast (dangerous; 4% risk of failure)
Confirm with . or Enter, or press ? or * to list all spells.
Aiming: Stone Arrow (safe; 1% risk of failure)
Press: ? - help, Shift-Dir - straight line, f - eight-headed hydra
Aim: an eight-headed hydra (moderately wounded, 92% to hit)
The stone arrow misses the eight-headed hydra.
Casting: Stone Arrow (safe; 1% risk of failure)
Confirm with . or Enter, or press ? or * to list all spells.
Aiming: Stone Arrow (safe; 1% risk of failure)
Press: ? - help, Shift-Dir - straight line, f/p - eight-headed hydra
Aim: an eight-headed hydra (moderately wounded, 92% to hit)
The stone arrow hits the eight-headed hydra!!
The eight-headed hydra is severely wounded.
Casting: Stone Arrow (safe; 1% risk of failure)
Confirm with . or Enter, or press ? or * to list all spells.
You erupt in a blast of force!
The mystic blast hits the eight-headed hydra.
The eight-headed hydra is severely wounded.
The eight-headed hydra is knocked back by the mystic blast.
Casting: Iskenderun's Mystic Blast (dangerous; 4% risk of failure)
Confirm with . or Enter, or press ? or * to list all spells.
Aiming: Stone Arrow (safe; 1% risk of failure)
Press: ? - help, Shift-Dir - straight line, f/p - eight-headed hydra
Aim: an eight-headed hydra (severely wounded, 92% to hit)
The stone arrow hits the eight-headed hydra.
The eight-headed hydra is severely wounded.
Casting: Stone Arrow (safe; 1% risk of failure)
Confirm with . or Enter, or press ? or * to list all spells.
You erupt in a blast of force!
The mystic blast hits the eight-headed hydra!
The eight-headed hydra is almost dead.
The eight-headed hydra bites you!
The eight-headed hydra barely misses you.
The eight-headed hydra bites you!
* * * LOW HITPOINT WARNING * * *
The eight-headed hydra closely misses you.
The eight-headed hydra bites you!
* * * LOW HITPOINT WARNING * * *
The eight-headed hydra bites you!
You die...

.#......................#....#
.#......................#....#
##......................##..##
......##'##+######'##'########
......#........#.........#...#
......#........#.........#...#
......#........#.........#...#
......#........#.D.......#...#
......#..##..###@.###...##..#####
#.....#..##..###..###...##..#....
#.....#.)...................#....
#.....#.)...................#....
#.....#.....................#....
#.....##.###.####.########..#....
.......##########.###..###..##'##
.......#....)...#......+...>....#
.......+..)))...'......#........#


You could see an eight-headed hydra.

Vanquished Creatures
  2 two-headed ogres
  Sigmund (D:2)
  Eustachio (D:5)
  A wyvern (D:8)
  An acid dragon (D:8)
  A sky beast (D:7)
  An ice beast (D:6)
  A black bear (D:6)
  An orc warrior (D:8)
  A hornet zombie (D:5)
  5 ogres
  2 necrophages
  A centaur (D:8)
  3 bullfrogs
  A gnoll sergeant (D:5)
  2 scorpions (D:5)
  2 water moccasin skeletons
  2 killer bees (D:8)
  6 wights
  A centaur zombie (D:8)
  2 centaur skeletons (D:5)
  3 jellies (D:5)
  4 orc priests
  2 bullfrog skeletons (D:5)
  A gnoll shaman (D:5)
  5 hounds
  An iguana (D:5)
  7 orc wizards
  A scorpion zombie (D:5)
  A howler monkey zombie (D:8)
  Robin (D:2)
  3 gnolls (D:5)
  A howler monkey skeleton (D:5)
  10 adders
  A river rat (D:3)
  A white imp (D:8)
  3 ufetubi
  2 worms
  2 dart slugs
  22 orcs
  16 endoplasms
  13 giant cockroaches
  14 goblins
  6 hobgoblins
  7 jackals
  10 kobolds
  11 quokkas
  14 ball pythons
  3 bats
  17 frilled lizards
  5 rats
225 creatures vanquished.

Vanquished Creatures (others)
  5 fulminant prisms
  9 plants
14 creatures vanquished.

Grand Total: 239 creatures vanquished

Notes
Turn   | Place    | Note
-------+----------+-------------------------------------------
     0 | D:1      | porpoise the Deep Elf Conjurer began the quest for the Orb.
     0 | D:1      | Reached XP level 1. HP: 10/10 MP: 6/6
   241 | D:1      | Reached XP level 2. HP: 15/15 MP: 5/8
   248 | D:1      | Learned a level 2 spell: Searing Ray
  1021 | D:2      | Reached skill level 4 in Spellcasting
  1077 | D:2      | Reached skill level 5 in Conjurations
  1077 | D:2      | Reached XP level 3. HP: 19/19 MP: 5/10
  1483 | D:2      | Noticed Sigmund
  1494 | D:2      | Killed Sigmund
  1495 | D:2      | Reached skill level 5 in Spellcasting
  1495 | D:2      | Reached XP level 4. HP: 10/24 MP: 4/13
  1495 | D:2      | Reached XP level 5. HP: 12/28 MP: 4/15
  1676 | D:2      | Learned a level 4 spell: Fulminant Prism
  1681 | D:2      | Learned a level 4 spell: Iskenderun's Mystic Blast
  1870 | D:2      | Found a faded altar of an unknown god.
  1905 | D:2      | Noticed Robin
  1910 | D:2      | Killed Robin
  1911 | D:2      | Reached skill level 6 in Spellcasting
  1911 | D:2      | Reached skill level 1 in Hexes
  2681 | D:3      | Found a glowing drain.
  2731 | Sewer    | Entered a sewer
  2757 | Sewer    | Reached skill level 1 in Translocations
  3002 | Sewer    | Reached XP level 6. HP: 32/32 MP: 17/17
  4911 | D:4      | Reached XP level 7. HP: 36/36 MP: 15/18
  5506 | D:5      | Entered Level 5 of the Dungeon
  5536 | D:5      | Learned a level 3 spell: Stone Arrow
  5570 | D:5      | Found an ancient bone altar of Kikubaaqudgha.
  5576 | D:5      | Reached skill level 5 in Hexes
  5639 | D:5      | Reached skill level 1 in Earth Magic
  5698 | D:5      | Found a staircase to the Ecumenical Temple.
  5716 | Temple   | Entered the Ecumenical Temple
  6006 | Temple   | Became a worshipper of Vehumet
  6068 | D:5      | Reached skill level 5 in Translocations
  6101 | D:5      | Reached XP level 8. HP: 31/41 MP: 4/19
  6104 | D:5      | Noticed a two-headed ogre
  6178 | D:5      | Killed a two-headed ogre
  6179 | D:5      | Reached skill level 7 in Spellcasting
  6179 | D:5      | Reached skill level 5 in Earth Magic
  6533 | D:5      | Noticed Eustachio
  6550 | D:5      | Killed Eustachio
  6551 | D:5      | Reached XP level 9. HP: 40/50 MP: 14/22
  6713 | D:5      | Reached skill level 8 in Spellcasting
  6762 | D:5      | Reached skill level 5 in Dodging
  6763 | D:5      | Reached * piety under Vehumet
  6763 | D:5      | Offered knowledge of Foxfire by Vehumet.
  6855 | D:5      | Learned a level 3 spell: Mephitic Cloud
  6859 | D:5      | Learned a level 3 spell: Swiftness
  7042 | D:5      | Learned a level 5 spell: Irradiate
  7219 | D:6      | Reached skill level 1 in Air Magic
  7219 | D:6      | Reached skill level 1 in Poison Magic
  7412 | D:6      | Reached skill level 9 in Spellcasting
  8125 | D:7      | Found a glowing golden altar of the Shining One.
  8496 | D:7      | Offered knowledge of Poisonous Vapours by Vehumet.
  8498 | D:7      | Reached ** piety under Vehumet
  9176 | D:8      | Reached skill level 5 in Poison Magic
  9350 | D:8      | Reached XP level 10. HP: 34/56 MP: 21/25
  9364 | D:8      | Noticed a two-headed ogre
  9371 | D:8      | Killed a two-headed ogre
  9372 | D:8      | Reached skill level 5 in Air Magic
  9653 | D:8      | Noticed an eight-headed hydra
  9693 | D:7      | Slain by an eight-headed hydra

Illustrated notes

Levels and vault maps discovered:
D:1:      nzn_arrival_depleted_hourglass, layout_basic
D:2:      layout_loops_corners, hellmonk_ecumenical_altar_pennies_from_heaven,
          uniq_robin, uniq_sigmund
D:3:      layout_loops_ring, gup_sewer_entry_bubbles, kennysheep_big_empty_room
D:4:      minmay_razor_zed, layout_loops_corners, st_stairs_5,
          kennysheep_minor_cross, minmay_misc_feat_cross
D:5:      cheibrodos_fzero, layout_basic, mainiacjoe_overflow_brackets,
          minmay_temple_entry_overgrown, uniq_eustachio
D:6:      layout_loops_cross
D:7:      layout_gridville, tso_oasis_becter
D:8:      nzn_winding_woodlands_cross
          [nzn_winding_woodlands_5x15_pathside_ponds,
          nzn_winding_woodlands_5x15_sidewinder,
          nzn_winding_woodlands_5x15_sawtooth,
          nzn_winding_woodlands_5x15_pockets,
          nzn_winding_woodlands_15x15_killbox], layout_gridville,
          nicolae_overflow_crystal_walls, feat_on_display, uniq_maurice
Temple:   dpeg_five_rooms_temple

Skill      XL: |  1  2  3  4  5  6  7  8  9 10 |
---------------+-------------------------------+-----
Spellcasting   | 4 5 6 7 9 |  9.0
Conjurations   | 5 6 7 |  7.0
Hexes          | 2 4 5 |  5.6
Translocations | 1 3 5 |  5.0
Earth Magic    | 3 5 7 |  7.0
Fighting       | 3 |  3.0
Dodging        | 4 5 |  5.0
Air Magic      | 4 5 |  5.0
Poison Magic   | 5 |  5.0
Stealth        | |  2.4
Transmutations | |  0.3

Action                   |  1- 3 |  4- 6 |  7- 9 | 10-12 || total
-------------------------+-------+-------+-------+-------++-------
Melee: Short sword       |     1 |       |       |       ||     1
       Dagger            |       |     4 |       |       ||     4
 Fire: Hunting sling     |     9 |   169 |    84 |     9 ||   271
Throw: Dart              |       |       |     2 |       ||     2
 Cast: Magic Dart        |    33 |    19 |     1 |       ||    53
       Searing Ray       |    13 |    20 |    59 |     7 ||    99
       Iskenderun's Myst |       |     1 |     9 |     7 ||    17
       Fulminant Prism   |       |       |     4 |     1 ||     5
       Mephitic Cloud    |       |       |     1 |       ||     1
       Stone Arrow       |       |       |       |     5 ||     5
  Use: Scroll            |       |     4 |     6 |       ||    10
 Stab: Sleeping          |     1 |       |       |       ||     1
Armor: Robe              |       |     7 |    15 |     2 ||    24
Dodge: Dodged            |     5 |    21 |    28 |    19 ||    73

Table legend: (Time is in decaauts)
 A = Elapsed time spent in this place.
 B = Non-inter-level travel time spent in this place.
 C = Inter-level travel time spent in this place.
 D = Time resting spent in this place.
 E = Time spent auto-exploring this place.
 F = Levels seen in this place.
 G = Mean time per level.
                   A        B        C        D        E       F      G
               +--------+--------+--------+--------+--------+-----+--------+
         Total |   9895 |   9534 |    361 |   2546 |   5386 |  10 |  989.5 |
       Dungeon |   8444 |   8166 |    278 |   2095 |   4777 |   8 | 1055.5 |
        Temple |    410 |    327 |     83 |     64 |    248 |   1 |  410.0 |
         Sewer |   1040 |   1040 |      0 |    387 |    361 |   1 | 1040.0 |
               +--------+--------+--------+--------+--------+-----+--------+

Top non-repeatable levels by time:
     D:2: 1546 daAuts
     D:4: 1403 daAuts
     D:7: 1172 daAuts
     D:5: 1047 daAuts
   Sewer: 1040 daAuts
     D:3: 1005 daAuts
     D:1: 912 daAuts
     D:6: 806 daAuts
     D:8: 549 daAuts
  Temple: 410 daAuts
